 Dungeon Crawl Stone Soup version 0.31-a0-237-g2d982f9f85 (webtiles) character file.

Game seed: 12056967896707433297

114 qw the Shooter (level 4, -2/27 HPs)
             Began as a Gargoyle Hexslinger on July 11, 2023.
             Slain by an iguana (7 damage)
             ... on level 2 of the Dungeon.
             The game lasted 00:00:32 (1092 turns).

qw the Shooter (Gargoyle Hexslinger)                Turns: 1092, Time: 00:00:32

Health: -2/27      AC:  8    Str: 11    XL:     4   Next: 97%
Magic:  5/5        EV: 10    Int: 14    God:
Gold:   94         SH:  0    Dex: 14    Spells: 4/5 levels left

rFire   + . .        Y - +3 sling
rCold   . . .        (no shield)
rNeg    + . .        k - +0 ring mail
rPois   inf          (no helmet)
rElec   +            (no cloak)
rCorr   .            (no gloves)
SInv    .            (no boots)
Will    .....        (no amulet)
Stlth   +            e - ring of protection from fire
HPRegen 0.24/turn    (no ring)
MPRegen 0.09/turn

%: no passive effects
@: no status effects
A: sickness immunity, AC +3, negative energy resistance 1, electricity
resistance, torment resistance 1, petrification resistance
a: no special abilities


You were on level 2 of the Dungeon.
You visited 1 branch of the dungeon, and saw 2 of its levels.

You collected 94 gold pieces.


Innate Abilities, Weirdness & Mutations

You are immune to sickness and miasma.
Your stone body is resilient. (AC +3)
You are immune to poison.
You resist negative energy. (rN+)
You are resistant to electric shocks. (rElec)
You are resistant to unholy torment.
You are immune to petrification.


   Skills:
 - Level 2.9 Fighting
 - Level 4.2 Ranged Weapons
 + Level 0.1 Armour
 - Level 1.5 Dodging
 - Level 1.0 Spellcasting
 - Level 2.6 Hexes


You had 4 spell levels left.
You knew the following spells:

 Your Spells              Type           Power      Damage    Failure   Level
a - Slow                  Hex            32%        N/A       22%         1

Your spell library contained the following spells:

 Spells                   Type           Power      Damage    Failure   Level
 Inner Flame              Hex/Fire       4%         N/A       73%         3
 Portal Projectile        Hex/Tloc       8%         N/A       73%         3
 Cause Fear               Hex            4%         N/A       91%         4

Inventory:

Hand Weapons
 Y - a +3 sling (weapon)
Armour
 k - a +0 ring mail (worn)
Jewellery
 e - a ring of protection from fire (left hand)
Scrolls
 a - a scroll of fear {unknown}
 d - a scroll of teleportation {unknown}
Potions
 b - a potion of heal wounds {unknown}
 c - a potion of attraction {unknown}
 g - a potion of might {unknown}
 h - 2 potions of curing {unknown}
 j - a potion of haste {unknown}
 l - a potion of enlightenment {unknown}

Dungeon Overview and Level Annotations

Branches:
Dungeon (2/15)

Altars:


Message History

You see here a frilled lizard corpse.
You open the door.
There is an open door here.
An iguana comes into view.
Enter note:
Enter note:
Enter note:
Enter note:
Enter note:
Enter note:
Enter note:
Enter note: You shoot a sling bullet.
The sling bullet hits the iguana.
The iguana is lightly wounded.
You shoot a sling bullet.
The sling bullet hits the iguana but does no damage.
The iguana is lightly wounded.
You shoot a sling bullet.
The sling bullet barely misses the iguana.
The iguana hisses menacingly.
You shoot a sling bullet. The sling bullet hits the iguana.
The iguana is moderately wounded.
The iguana bites you.
You shoot a sling bullet. The sling bullet hits the iguana.
The iguana is heavily wounded.
The iguana barely misses you. The iguana misses you.
You shoot a sling bullet.
The sling bullet closely misses the iguana.
The iguana bites you.
You shoot a sling bullet.
The sling bullet barely misses the iguana.
The iguana bites you!
You shoot a sling bullet.
The sling bullet hits the iguana but does no damage.
The iguana is heavily wounded.
The iguana bites you. The iguana closely misses you.
You shoot a sling bullet. The sling bullet hits the iguana.
The iguana is severely wounded.
The iguana bites you!
You die...

#............# #
##.........
#..)........... .
##........
###'##.........
.#####[...... .. .......
.....####++##
#.........>.#
#............
#............
############............
#......@...'............
......l#####............
....... ##.......%....
....... #...##........
....... #.#.##....%##~
....... #.#.##.....#~~
#.....# #.#.######.##~
#####. #.#.# #.... #.#.#
#####


You could see an iguana.

Vanquished Creatures
  Natasha (thrice) (D:2)
  An adder (D:2)
  A dart slug (D:1)
  4 ball pythons
  3 bats (D:1)
  2 endoplasms (D:1)
  A giant cockroach (D:1)
  A hobgoblin (D:1)
  3 kobolds
  5 quokkas
  3 frilled lizards
  3 rats
30 creatures vanquished.

Notes
Turn   | Place    | Note
-------+----------+-------------------------------------------
     0 | D:1      | qw the Gargoyle Hexslinger began the quest for the Orb.
     0 | D:1      | Reached XP level 1. HP: 12/12 MP: 2/2
     0 | D:1      | 0 ||| qw: Version: 0.3-a-52-g30416fa
     0 | D:1      | 0 ||| qw: Game counter: 5444
     0 | D:1      | 0 ||| qw: Melee chars always use a shield: true
     0 | D:1      | 0 ||| qw: God list: Okawaru
     0 | D:1      | 0 ||| qw: Allow faded altars: false
     0 | D:1      | 0 ||| qw: Do Orc after clearing Dungeon:15 true
     0 | D:1      | 0 ||| qw: Do second Lair branch before Depths: true
     0 | D:1      | 0 ||| qw: Lair rune preference: random
     0 | D:1      | 0 ||| qw: Goals: Normal
     0 | D:1      | 0 ||| PLANNING D:1-11
    89 | D:1      | Reached XP level 2. HP: 16/16 MP: 3/3
   174 | D:1      | Reached skill level 3 in Ranged Weapons
   493 | D:1      | 493 ||| UPGRADING to +0 ring mail.
   503 | D:1      | 503 ||| DROPPING +0 robe.
   504 | D:1      | 504 ||| UPGRADING to ring of protection from fire.
   505 | D:1      | 505 ||| READING scroll labelled WOOSSI NAME.
   506 | D:1      | 506 ||| READING scroll labelled FEFYRET ASEV.
   507 | D:1      | 507 ||| DRINKING 2 puce potions.
   508 | D:1      | 508 ||| DROPPING scroll of poison.
   509 | D:1      | 509 ||| DROPPING potion of brilliance.
   642 | D:2      | Noticed Natasha
   652 | D:2      | Killed Natasha
   653 | D:2      | Reached XP level 3. HP: 11/22 MP: 4/4
   740 | D:2      | Reached XP level 4. HP: 25/27 MP: 5/5
   906 | D:2      | Noticed Natasha
   913 | D:2      | Killed Natasha
   918 | D:2      | Noticed Natasha
   919 | D:2      | 919 ||| FLEEEEING.
   920 | D:2      | 920 ||| FLEEEEING.
   921 | D:2      | 921 ||| FLEEEEING.
   922 | D:2      | 922 ||| FLEEEEING.
   928 | D:2      | Killed Natasha
   929 | D:2      | Reached skill level 4 in Ranged Weapons
   993 | D:2      | 993 ||| READING scroll of enchant weapon.
   993 | D:2      | 993 ||| ENCHANTING +2 sling.
  1091 | D:2      | HP: 4/27 [iguana (6)]
  1092 | D:2      | Slain by an iguana

Levels and vault maps discovered:
D:1:      sevenhm_arrival_forest_fort_small_3, layout_rooms,
          minmay_misc_feat_tiny
D:2:      kennysheep_big_flooded_room, layout_basic,
          chequers_serial_rivers_small_a, kennysheep_generic_room_13,
          uniq_natasha

Skill      XL: |  1  2  3  4 |
---------------+-------------+-----
Ranged Weapons | 3 4 |  4.2
Fighting       | 2 |  2.9
Armour         | |  0.1
Dodging        | |  1.5
Spellcasting   | |  1.0
Hexes          | |  2.6

Action                     |  1- 3 |  4- 6 || total
---------------------------+-------+-------++-------
   Fire: Sling             |    82 |    46 ||   128
    Use: Scroll            |     2 |     1 ||     3
         Potion            |     1 |       ||     1
 Armour: Robe              |     9 |       ||     9
         Ring mail         |     6 |     5 ||    11
  Dodge: Dodged            |    27 |    10 ||    37

Table legend:
 A = Non-vault XP
 B = Vault XP
 C = Vault XP percentage of total XP
 D = Non-vault monster count
 E = Vault monster count
 F = Vault count percentage of total count
                 A         B        C        D         E       F
            +---------+---------+-------+---------+---------+-------
      Total |     126 |      37 |  22.7 |      27 |       3 |  10.0
            +---------+---------+-------+---------+---------+-------
        D:1 |      33 |       0 |   0.0 |      18 |       0 |   0.0
        D:2 |      93 |      37 |  28.5 |       9 |       3 |  25.0
            +---------+---------+-------+---------+---------+-------
